 Dungeon Crawl Stone Soup version 0.18-a0-1211-g828307d (webtiles) character file.

1792 inmateoo the Ruffian (level 8, -1/57 (59) HPs)
             Began as a Purple Draconian Transmuter on Feb 2, 2016.
             Was a Priest of Makhleb.
             Slain by a warg (4 damage)
             ... on level 7 of the Dungeon.
             The game lasted 00:11:59 (7957 turns).

inmateoo the Ruffian (Purple Draconian Transmuter)  Turns: 7957, Time: 00:11:59

HP:   -1/57 (59)    AC:  2    Str: 14    XL:     8   Next: 82%
MP:   15/18         EV: 19    Int: 15    God:    Makhleb [***...]
Gold: 325           SH:  0    Dex: 16    Spells: 3 memorised, 11 levels left

rFire  . . .     SeeInvis .       - Unarmed
rCold  . . .     Gourm    .     (armour unavailable)
rNeg   . . .     Faith    .     (shield currently unavailable)
rPois  x         Spirit   .     (helmet currently unavailable)
rElec  .         Dismiss  .     (cloak currently unavailable)
rCorr  .         Reflect  .     (gloves currently unavailable)
SustAt .         Harm     .     (boots currently unavailable)
MR     +....                    (no amulet)
Stlth  +.........               (no ring)
                                (no ring)

@: spider-form, somewhat resistant to hostile enchantments, very unstealthy
A: (breathe power), unfitting armour, (cold-blooded), AC +6
a: End Transformation, Minor Destruction, Lesser Servant of Makhleb, Renounce
Religion


You were on level 7 of the Dungeon.
You worshipped Makhleb.
Makhleb was most pleased with you.
You were not hungry.
You were a venomous arachnid creature.
You visited 1 branch of the dungeon, and saw 9 of its levels.

You collected 325 gold pieces.

Inventory:

Hand Weapons
 u - a +2 flail of protection
Missiles
 a - 129 arrows
 v - 12 arrows of frost
Armour
 d - a +1 cloak (melded)
Scrolls
 j - 3 scrolls of enchant armour
 q - a scroll of teleportation
 s - 3 scrolls of remove curse
 t - a scroll of blinking
Potions
 e - a potion of magic
 g - a potion of lignification {unknown}
 h - 3 potions of haste {unknown}
 i - a potion of cancellation {unknown}
 l - a potion of brilliance {unknown}
 m - a potion of cure mutation
 n - 2 potions of might
 o - a potion of agility
 r - a potion of beneficial mutation
Books
 b - a book of Changes

   Spells                             Type                      Level
   a - Beastly Appendage              Transmutation                1
   b - Sticks to Snakes               Transmutation                2
   c - Spider Form                    Transmutation/Poison         3
   d - Ice Form                       Ice/Transmutation            4
   e - Blade Hands                    Transmutation                5
Comestibles
 c - 7 bread rations
 f - 5 chunks of flesh
 k - 5 meat rations


   Skills:
 - Level 1.1 Fighting
 - Level 1.7 Dodging
 * Level 7.8 Unarmed Combat
 + Level 6.7 Spellcasting
 + Level 5.6 Transmutations
 + Level 3.8 Ice Magic


You had 11 spell levels left.
You knew the following spells:

 Your Spells              Type           Power        Failure   Level  Hunger
b - Sticks to Snakes      Trmt           ###.....     8%          2    None
c - Spider Form           Trmt/Pois      ##........   32%         3    ##.....
d - Ice Form              Ice/Trmt       ###.....     45%         4    ####...


Dungeon Overview and Level Annotations

Branches:
Dungeon (9/15)             Temple (0/1) D:5
   Lair: D:8-11         Orc: D:9-12

Altars:
Ashenzari
Cheibriados
Makhleb
Nemelex Xobeh
Okawaru
Pakellas
Zin
The Shining One

Shops:
D:6 *


Innate Abilities, Weirdness & Mutations

((You can breathe bolts of dispelling energy.))
((Your rich purple scales are hard (AC +6).))
Your body does not fit into most forms of armour.
((You are cold-blooded and may be slowed by cold attacks.))


Message History

You feel better. The warg misses you.
You hit the warg.
The warg is poisoned.
The warg is lightly wounded.
The warg misses you.
You barely miss the warg.
The warg is moderately wounded.
The warg pauses to sniff the ground.
The warg bites you!
You closely miss the warg.
The warg is moderately wounded.
The warg bites you!
* * * LOW HITPOINT WARNING * * *
You hit the warg but do no damage.
The warg is moderately wounded.
The warg bites you!
* * * LOW HITPOINT WARNING * * *
You hit the warg but do no damage.
The warg is moderately wounded.
The warg bites you.
You die...

#...#########.# #.#
#...##........# #.#
#.............# #.#
#.............# #.#
#.............# #.#
#.............# #.#
#.........^...# #.#
###.###.###.#.# #.# #s#
#.###.#.###.# #h#
#...........#
#####.#######.#....###
...#.###......# #.#.......
..............######.#....###
...#.###......†.÷....######
............########
...###......# . #####..#####


You could see a warg.

Vanquished Creatures
  A hippogriff (D:7)
  Edmund (D:4)
  Menkaure (D:4)
  3 wargs (D:7)
  An ice beast (D:5)
  A necrophage (D:7)
  A centaur (D:7)
  A giant frog (D:7)
  2 scorpions
  A giant frog skeleton (D:4)
  3 orc wizards
  An orc priest (D:5)
  A hound (D:5)
  A jelly (D:4)
  2 worker ants
  Natasha (twice) (D:3)
  A hound skeleton (D:3)
  The ghost of ololoev the Firebug, a weakling DEFE (D:4)
  8 adders
  16 gnolls
  A shadow imp (D:5)
  A worm (D:2)
  6 giant geckos
  15 orcs
  7 bats
  4 giant cockroaches
  6 hobgoblins
  2 jackals (D:3)
  2 quokkas
  A giant gecko skeleton (D:6)
  2 giant newts
  10 goblins
  A jackal skeleton (D:5)
  5 kobolds
  A quokka skeleton (D:5)
  A quokka zombie (D:5)
  6 rats
120 creatures vanquished.

Vanquished Creatures (collateral kills)
  Terence (D:2)
  An adder (D:2)
2 creatures vanquished.

Grand Total: 122 creatures vanquished

Notes
Turn   | Place    | Note
--------------------------------------------------------------
     0 | D:1      | inmateoo the Draconian Transmuter began the quest for the Orb.
     0 | D:1      | Reached XP level 1. HP: 16/16 MP: 3/3
   344 | D:1      | Reached XP level 2. HP: 20/23 MP: 5/5
  1207 | D:2      | Noticed Terence
  1222 | D:1      | Learned a level 2 spell: Sticks to Snakes
  1296 | D:2      | Killed Terence
  1296 | D:2      | Reached XP level 3. HP: 25/28 MP: 1/6
  1380 | D:2      | Reached skill level 4 in Unarmed Combat
  1799 | D:2      | Found a burning altar of Makhleb.
  1821 | D:2      | You fall through a shaft for 2 floors!
  1821 | D:4      | Found a glowing silver altar of Zin.
  1863 | D:3      | Reached XP level 4. HP: 35/35 MP: 8/8
  1933 | D:2      | Became a worshipper of Makhleb the Destroyer
  2235 | D:2      | Found an iron altar of Okawaru.
  2462 | D:3      | Found a snail-covered altar of Cheibriados.
  2956 | D:3      | Reached XP level 5. HP: 40/40 MP: 7/9
  2974 | D:3      | Learned a level 3 spell: Spider Form
  3030 | D:3      | Noticed Natasha
  3255 | D:3      | Killed Natasha
  3256 | D:3      | Reached * piety under Makhleb
  3350 | D:3      | Noticed Natasha
  3457 | D:3      | Found a shattered altar of Ashenzari.
  3551 | D:3      | Killed Natasha
  3808 | D:4      | Reached skill level 5 in Unarmed Combat
  3999 | D:4      | Learned a level 4 spell: Ice Form
  4035 | D:4      | Reached XP level 6. HP: 23/47 MP: 1/11
  4245 | D:4      | Noticed Menkaure
  4259 | D:4      | Killed Menkaure
  4259 | D:4      | Reached skill level 1 in Ice Magic
  4514 | D:4      | Noticed ololoev's ghost (weakling DEFE)
  4520 | D:4      | Found an oddly glowing altar of Pakellas.
  4547 | D:4      | Killed ololoev's ghost
  4761 | D:4      | Noticed Edmund
  4793 | D:4      | Killed Edmund
  4793 | D:4      | Reached XP level 7. HP: 47/52 MP: 12/14
  4793 | D:4      | Your scales start taking on a rich purple colour.
  4869 | D:4      | Reached skill level 5 in Spellcasting
  5113 | D:4      | Reached skill level 6 in Unarmed Combat
  5130 | D:4      | Reached ** piety under Makhleb
  5418 | D:5      | Entered Level 5 of the Dungeon
  6213 | D:5      | Found a staircase to the Ecumenical Temple.
  6651 | D:6      | Found Huriosur's General Store.
  6688 | D:6      | Reached XP level 8. HP: 59/59 MP: 12/16
  6732 | D:6      | You fall through a shaft for 3 floors!
  6786 | D:9      | Found a glowing golden altar of the Shining One.
  6858 | D:9      | Found a sparkling altar of Nemelex Xobeh.
  6981 | D:7      | Reached *** piety under Makhleb
  7243 | D:7      | Reached skill level 5 in Transmutations
  7369 | D:7      | Reached skill level 7 in Unarmed Combat
  7957 | D:7      | Slain by a warg

Vault maps used:
D:1:      dpeg_arrival_morbid_curiosity, minmay_misc_feat_pillars
D:2:      old_standard_altar, first_bread, kennysheep_okawaru_gauntlet,
          uniq_terence
D:3:      cheibrodos_ashenzari_chains, lemuel_round_altar, uniq_natasha
D:4:      old_standard_altar, overflow_temple_1_default, uniq_edmund,
          uniq_menkaure
D:5:      minmay_temple_entry_enclosed_plants
D:6:      overflow_temple_1_default, kennysheep_mini, serial_shops,
          nicolae_shop_stone, uniq_sigmund
D:7:      lemuel_castle_with_subvaults
D:8:      lemuel_doored_altar, lemuel_coloured_pillars_altar, uniq_pikel
D:9:      kennysheep_little_box, nicolae_tso_swordbearing_angel, basic_altar,
          uniq_psyche, uniq_gastronok

Action                   |  1- 3 |  4- 6 |  7- 9 || total
-------------------------+-------+-------+-------++-------
Melee: Unarmed           |    86 |   251 |   248 ||   585
       Flail             |       |       |     4 ||     4
 Cast: Beastly Appendage |     3 |     8 |     1 ||    12
       Sticks to Snakes  |     3 |     3 |     2 ||     8
       Spider Form       |       |     4 |    11 ||    15
  Use: Scroll            |       |     7 |     7 ||    14
       Potion            |       |     1 |     1 ||     2
  Eat: Chunk             |     3 |     8 |     7 ||    18
       Pizza             |       |     1 |       ||     1
       Royal jelly       |       |       |     1 ||     1
       Beef jerky        |       |       |     2 ||     2
